 Dungeon Sprint DCSS version 0.30-a0-310-g7d6cbdfea6 (webtiles) character file.

Game seed: 4796801435574194653

7600000 garrulousMonolith the Axe Maniac (level 27, -22/249 HPs)
             Began as a Formicid Fighter on Oct 24, 2022.
             Was the Champion of Makhleb.
             Killed by the air
             ... invoked by a tyrant
              (52 damage)
             ... in the Dungeon (Sprint VIII: "Arena of Blood").
             The game lasted 00:03:32 (76 turns).

garrulousMonolith the Axe Maniac (Formicid Fighter)   Turns: 76, Time: 00:03:33

Health: -22/249    AC: 13    Str: 23    XL:     27
Magic:  31/54      EV: 31    Int: 10    God:    Makhleb [******]
Gold:   0          SH: 12    Dex: 23    Spells: 80/80 levels left

rFire   . . .      SeeInvis +    g - +∞ Axe of Woe
rCold   . . .      Faith    .    b - +0 buckler
rNeg    . . .      Spirit   .    a - +0 scale mail
rPois   .          Reflect  .    (helmet unavailable)
rElec   .          Harm     .    (no cloak)
rCorr   .          Rampage  .    (no gloves)
Will    ++...                    (no boots)
Stlth   +++++++++.               (no amulet)
HPRegen 0.61/turn                (no ring)
MPRegen 0.34/turn                (no ring)

@: no status effects
A: permanent stasis, dig shafts and tunnels, antennae 3, four strong arms
a: Dig, Renounce Religion, Minor Destruction, Lesser Servant of Makhleb, Major
Destruction, Greater Servant of Makhleb


You were in the Dungeon.
You worshipped Makhleb.
Makhleb was exalted by your worship.
You visited 1 branch

Inventory:

Hand Weapons
 g - the +∞ Axe of Woe (weapon)
   (You found it in the Dungeon)
Armour
 a - a +0 scale mail (worn)
 b - a +0 buckler (worn)
Potions
 c - a potion of might
 d - a potion of curing
 e - a potion of heal wounds
 f - 2 potions of magic


   Skills:
 O Level 27 Fighting
 O Level 27 Short Blades
 O Level 27 Long Blades
 O Level 27 Axes
 O Level 27 Staves
 O Level 27 Ranged Weapons
 O Level 27 Throwing
 O Level 27 Armour
 O Level 27 Dodging
 O Level 27 Stealth
 O Level 27 Shields
 O Level 27 Unarmed Combat
 O Level 27 Spellcasting
 + Level 25.4 Conjurations
 O Level 27 Hexes
 O Level 27 Summonings
 O Level 27 Necromancy
 + Level 25.4 Translocations
 O Level 27 Transmutations
 O Level 27 Fire Magic
 O Level 27 Ice Magic
 + Level 23.5 Air Magic
 O Level 27 Earth Magic
 O Level 27 Poison Magic
 O Level 27 Invocations
 O Level 27 Evocations


You had 80 spell levels left.
You didn't know any spells.
Your spell library was empty.

Dungeon Overview and Level Annotations

Branches:
Dungeon (1/1)

Altars:
Makhleb


Innate Abilities, Weirdness & Mutations

You cannot be hasted, slowed, berserked, paralysed or teleported.
You can dig through walls and to a lower floor.
You have a pair of large antennae on your head. (SInv)
Your four strong arms can wield two-handed weapons with a shield.


Message History

The dread calls on the powers of darkness!
The bag of meat convulses!
Your body is wracked with pain!
* * * LOW HITPOINT WARNING * * *
The meat berserker convulses!
The large bag of meat convulses!
Flame seeps out of the large bag of meat.
The accursed casts a spell at you. Something smites you!
* * * LOW HITPOINT WARNING * * *
You hear a shout! x3
The dread is engulfed in blazing flames.
You hear a shout! x3
The large bag of meat is engulfed in blazing flames.
Things that are here:
a +9 battleaxe; a +30 ring of slaying; a meat berserker corpse You hit the meat berserker but do no damage.
You pulverise the meat berserker into a thin bloody mist.
You kill the meat berserker!
Makhleb accepts your kill.
The wretched soul appears out of thin air!
A wretched soul comes into view.
You hear a shout! x10
The tyrant is engulfed in blazing flames.
You hear a shout! x3; You hear a trumpeting!
Your Conjurations skill increases to level 25!
You have mastered Necromancy!
You have mastered Fire Magic!
You have mastered Ice Magic!
You slash the accursed!
You butcher the accursed messily.
You destroy the accursed!
Makhleb accepts your kill.
You feel better.
You feel extremely nervous for a moment...
Your body is wracked with pain!
* * * LOW HITPOINT WARNING * * *
A meat beast comes into view.
You hear a shout!
A meat berserker comes into view. It is wielding a +9 battleaxe.
You hear a shout! x3
The tyrant waves its bony arms in wide circles.
The air twists around and strikes you!!!
You die...

###########
##.......=....
...... ... ..
......##.##.####
......W.@...W...
.####..O§O##o##...
#.......)O{.....D.
#......°L§.#.#L..
#......)W{W......
#...)))){)......
..#..V.)2)○......
...O..)))☼°☼......
........))........


You could see a meat beast (fast), 2 tyrants, a destroyer, a large bag of meat
(inner flame), 2 dreads, 3 meat berserkers, a wretched soul (invisible) and a
bag of meat.

Vanquished Creatures
  Sigmund (D)
  3 royal mummies (D)
  Harold (D)
  11 vampire knights (D)
  21 ogres (D)
  6 two-headed ogres (D)
  3 liches (D)
  49 orcs (D)
  3 skeletal warriors (D)
98 creatures vanquished.

Notes
Turn   | Place    | Note
-------+----------+-------------------------------------------
     0 | D        | Found the +∞ Axe of Woe
     0 | D        | garrulousMonolith the Formicid Fighter began the quest for
                  | the Orb.
     0 | D        | Reached XP level 1. HP: 18/18 MP: 1/1
     2 | D        | Noticed a bag of meat
     2 | D        | Noticed a bag of meat
     3 | D        | Noticed a bag of meat
     4 | D        | Became a worshipper of Makhleb the Destroyer
     5 | D        | Killed a bag of meat
     6 | D        | Reached XP level 2. HP: 43/43 MP: 2/2
     6 | D        | Reached XP level 3. HP: 49/49 MP: 3/3
     6 | D        | Reached XP level 4. HP: 56/56 MP: 4/4
     6 | D        | Reached XP level 5. HP: 62/62 MP: 5/5
     6 | D        | Reached XP level 6. HP: 69/69 MP: 6/6
     6 | D        | Reached XP level 7. HP: 75/75 MP: 7/7
     6 | D        | Reached XP level 8. HP: 82/82 MP: 8/8
     6 | D        | Reached XP level 9. HP: 88/88 MP: 9/9
     6 | D        | Reached XP level 10. HP: 95/95 MP: 10/10
     6 | D        | Reached XP level 11. HP: 101/101 MP: 11/11
     6 | D        | Noticed a bag of meat
     7 | D        | Killed a bag of meat
     7 | D        | Reached * piety under Makhleb
     8 | D        | Reached skill level 15 in Axes
     8 | D        | Reached XP level 12. HP: 108/108 MP: 12/12
     8 | D        | Noticed a bag of meat
     9 | D        | Noticed a meat berserker
     9 | D        | Noticed a meat berserker
    10 | D        | Killed a bag of meat
    10 | D        | Noticed a bag of meat
    11 | D        | Reached XP level 13. HP: 114/114 MP: 13/13
    11 | D        | Noticed a bag of meat
    11 | D        | Noticed a bag of meat
    11 | D        | Noticed a bag of meat
    12 | D        | Noticed a bag of meat
    12 | D        | Noticed a bag of meat
    12 | D        | Noticed a meat berserker
    13 | D        | Killed a meat berserker
    13 | D        | Noticed a meat berserker
    14 | D        | Reached XP level 14. HP: 121/121 MP: 14/14
    14 | D        | Killed a meat berserker
    14 | D        | Reached ** piety under Makhleb
    14 | D        | Killed a bag of meat
    14 | D        | Noticed a bag of meat
    15 | D        | Reached skill level 27 in Axes
    15 | D        | Reached XP level 15. HP: 127/127 MP: 15/15
    16 | D        | Killed a meat berserker
    16 | D        | Reached *** piety under Makhleb
    17 | D        | Reached XP level 16. HP: 134/134 MP: 16/16
    17 | D        | Noticed a destroyer
    17 | D        | Noticed a meat berserker
    18 | D        | Reached **** piety under Makhleb
    18 | D        | Killed a meat berserker
    19 | D        | Reached skill level 27 in Dodging
    19 | D        | Reached XP level 17. HP: 140/140 MP: 17/17
    19 | D        | Noticed a large bag of meat
    20 | D        | Killed a destroyer
    21 | D        | Reached skill level 27 in Stealth
    21 | D        | Reached ***** piety under Makhleb
    22 | D        | Noticed a meat berserker
    22 | D        | Killed a meat berserker
    23 | D        | Reached XP level 18. HP: 178/178 MP: 18/18
    23 | D        | Noticed a large bag of meat
    24 | D        | Reached skill level 27 in Fighting
    24 | D        | Noticed a destroyer
    24 | D        | Noticed a large bag of meat
    24 | D        | Noticed a meat berserker
    25 | D        | Noticed a meat berserker
    26 | D        | Reached XP level 19. HP: 189/189 MP: 18/35
    26 | D        | Noticed a large bag of meat
    27 | D        | Reached ****** piety under Makhleb
    27 | D        | Killed a meat berserker
    28 | D        | Reached skill level 27 in Invocations
    28 | D        | Killed a meat berserker
    28 | D        | Noticed a meat berserker
    30 | D        | Killed a destroyer
    30 | D        | Noticed a meat berserker
    31 | D        | Reached skill level 27 in Armour
    31 | D        | Reached skill level 27 in Shields
    31 | D        | Reached XP level 20. HP: 197/197 MP: 19/37
    31 | D        | Noticed a meat berserker
    32 | D        | Reached skill level 15 in Spellcasting
    33 | D        | Killed a meat berserker
    33 | D        | Noticed a destroyer
    34 | D        | Reached XP level 21. HP: 204/204 MP: 19/48
    34 | D        | Noticed a destroyer
    34 | D        | Noticed a destroyer
    35 | D        | Noticed a destroyer
    35 | D        | Killed a meat berserker
    36 | D        | Reached skill level 27 in Evocations
    36 | D        | Killed a meat berserker
    36 | D        | Killed a large bag of meat
    36 | D        | Noticed a meat berserker
    37 | D        | Reached skill level 27 in Spellcasting
    37 | D        | Reached XP level 22. HP: 185/212 MP: 20/53
    37 | D        | Killed a destroyer
    38 | D        | Reached skill level 27 in Unarmed Combat
    39 | D        | Killed a destroyer
    39 | D        | Killed a destroyer
    40 | D        | Reached XP level 23. HP: 219/219 MP: 21/54
    40 | D        | Killed a large bag of meat
    40 | D        | Killed a large bag of meat
    40 | D        | Noticed The Servant
    42 | D        | Reached XP level 24. HP: 215/227 MP: 21/54
    42 | D        | Noticed a destroyer
    43 | D        | Killed a large bag of meat
    46 | D        | Noticed an accursed
    46 | D        | Noticed an accursed
    47 | D        | Killed The Servant
    48 | D        | Reached XP level 25. HP: 234/234 MP: 23/54
    48 | D        | Noticed an accursed
    48 | D        | Killed a destroyer
    48 | D        | Noticed a large bag of meat
    49 | D        | Noticed a tyrant
    51 | D        | Noticed a tyrant
    53 | D        | Reached skill level 27 in Short Blades
    53 | D        | Reached skill level 27 in Long Blades
    53 | D        | Reached skill level 27 in Staves
    53 | D        | Reached skill level 27 in Ranged Weapons
    53 | D        | Reached skill level 27 in Throwing
    53 | D        | Reached skill level 5 in Hexes
    53 | D        | Reached skill level 5 in Transmutations
    53 | D        | Reached skill level 5 in Earth Magic
    53 | D        | Killed a destroyer
    54 | D        | Reached skill level 10 in Hexes
    54 | D        | Reached skill level 10 in Earth Magic
    54 | D        | Reached XP level 26. HP: 216/242 MP: 25/54
    54 | D        | Noticed a destroyer
    55 | D        | Reached skill level 10 in Transmutations
    55 | D        | Killed an accursed
    55 | D        | Noticed a destroyer
    56 | D        | Reached skill level 15 in Hexes
    56 | D        | Reached skill level 15 in Earth Magic
    56 | D        | Noticed a destroyer
    56 | D        | Noticed a tyrant
    56 | D        | Noticed a destroyer
    57 | D        | Killed a tyrant
    57 | D        | Killed a large bag of meat
    58 | D        | Reached skill level 15 in Transmutations
    58 | D        | Reached XP level 27. HP: 173/249 MP: 26/54
    59 | D        | Reached skill level 15 in Summonings
    59 | D        | Reached skill level 15 in Necromancy
    59 | D        | Reached skill level 15 in Fire Magic
    59 | D        | Reached skill level 15 in Ice Magic
    59 | D        | Killed a destroyer
    59 | D        | Killed a destroyer
    59 | D        | Noticed a large bag of meat
    60 | D        | Reached skill level 15 in Conjurations
    60 | D        | Reached skill level 15 in Translocations
    62 | D        | Noticed a large bag of meat
    62 | D        | Killed an accursed
    62 | D        | Noticed a tyrant
    63 | D        | Reached skill level 15 in Air Magic
    63 | D        | Killed a tyrant
    66 | D        | Noticed The Captor
    66 | D        | Noticed a dread
    67 | D        | Noticed a dread
    69 | D        | Killed a tyrant
    70 | D        | Killed a destroyer
    70 | D        | Killed a destroyer
    71 | D        | Reached skill level 27 in Poison Magic
    71 | D        | Noticed a dread
    72 | D        | Killed The Captor
    72 | D        | Noticed an accursed
    73 | D        | Reached skill level 27 in Hexes
    73 | D        | Reached skill level 27 in Transmutations
    73 | D        | Reached skill level 27 in Earth Magic
    73 | D        | Killed a large bag of meat
    73 | D        | Noticed a destroyer
    73 | D        | Noticed a tyrant
    74 | D        | Reached skill level 27 in Summonings
    76 | D        | Reached skill level 27 in Necromancy
    76 | D        | Reached skill level 27 in Fire Magic
    76 | D        | Reached skill level 27 in Ice Magic
    76 | D        | Killed an accursed
    76 | D        | Noticed a meat beast
    76 | D        | Killed from afar by a tyrant

Illustrated notes

Levels and vault maps discovered:
D:        meatsprint

Skill      XL: |  1  2  3  4  5  6  7  8  9 10 11 12 13 14 15 16 17 18 19 20 21 22 23 24 25 26 27 |
---------------+----------------------------------------------------------------------------------+-----
Fighting       | 14 25 27 | 27.0
Armour         | 14 27 | 27.0
Shields        | 17 27 | 27.0
Unarmed Combat | 13 23 27 | 27.0
Axes           | 15 19 25 27 | 27.0
Dodging        | 14 23 27 | 27.0
Stealth        | 17 27 | 27.0
Invocations    | 25 27 | 27.0
Spellcasting   | 12 23 27 | 27.0
Evocations     | 13 25 27 | 27.0
Short Blades   | 14 20 25 27 | 27.0
Long Blades    | 14 20 25 27 | 27.0
Staves         | 14 20 25 27 | 27.0
Ranged Weapons | 14 20 25 27 | 27.0
Throwing       | 14 20 25 27 | 27.0
Conjurations   | 8 13 25 | 25.4
Hexes          | 10 16 27 | 27.0
Summonings     | 9 14 27 | 27.0
Necromancy     | 9 14 27 | 27.0
Translocations | 8 13 25 | 25.4
Transmutations | 9 15 27 | 27.0
Fire Magic     | 9 14 27 | 27.0
Ice Magic      | 9 14 27 | 27.0
Air Magic      | 7 12 23 | 23.5
Earth Magic    | 10 16 27 | 27.0
Poison Magic   | 11 18 27 | 27.0

Action                   |  1- 3 |  4- 6 |  7- 9 | 10-12 | 13-15 | 16-18 | 19-21 | 22-24 | 25-27 || total
-------------------------+-------+-------+-------+-------+-------+-------+-------+-------+-------++-------
Melee: Executioner's axe |     1 |       |       |     2 |     3 |     8 |     8 |     7 |    22 ||    51
Dodge: Dodged            |       |       |       |       |       |       |       |     2 |     1 ||     3
Block: Buckler           |       |       |       |       |       |       |       |     3 |       ||     3

Table legend: (Time is in decaauts)
 A = Elapsed time spent in this place.
 B = Non-inter-level travel time spent in this place.
 C = Inter-level travel time spent in this place.
 D = Time resting spent in this place.
 E = Time spent auto-exploring this place.
 F = Levels seen in this place.
 G = Mean time per level.
                   A        B        C        D        E       F      G
               +--------+--------+--------+--------+--------+-----+--------+
         Total |     63 |     63 |      0 |      0 |      0 |   1 |   63.0 |
       Dungeon |     63 |     63 |      0 |      0 |      0 |   1 |   63.0 |
               +--------+--------+--------+--------+--------+-----+--------+

Top non-repeatable levels by time:
       D: 63 daAuts
